 Dungeon Crawl Stone Soup version 0.16.1-2-g95b8d4c (webtiles) character file.

512 wojtek the Slicer (level 7, -4/41 HPs)
             Began as a Kobold Assassin on Mar 24, 2015.
             Killed from afar by Dowan (24 damage)
             ... with a shard of ice
             ... on level 5 of the Dungeon.
             The game lasted 00:06:27 (4081 turns).

wojtek the Slicer (Kobold Assassin)                 Turns: 4081, Time: 00:06:28

Health: -4/41      AC:  8    Str: 10    XL:     7   Next: 43%
Magic:  7/7        EV: 15    Int: 11    God:
Gold:   263        SH:  0    Dex: 17    Spells: 0 memorised, 6 levels left

rFire  . . .     SeeInvis +     a - +2 dagger
rCold  . . .     Clarity  .     n - +3 leather armour
rNeg   . . .     SustAb   .     (no shield)
rPois  +         Gourm    .     (no helmet)
rElec  .         Spirit   .     d - +1 cloak
rCorr  .         Warding  .     (no gloves)
rMut   .         Stasis   .     (no boots)
MR     .....                    E - amulet of inaccuracy (curse)
Stlth  +++.......               D - ring of see invisible
                                w - ring of poison resistance

@: not resistant to hostile enchantments, fairly stealthy
A: carnivore 3
a: no special abilities


You were on level 5 of the Dungeon.
You were very full.

You visited 1 branch of the dungeon, and saw 5 of its levels.

You collected 263 gold pieces.

Inventory:

Hand weapons
 a - a +2 dagger (weapon)
 b - a +0 blowgun
Missiles
 e - 16 poisoned needles
 f - 2 curare-tipped needles
Armour
 d - a +1 cloak (worn)
 n - a +3 leather armour (worn)
 x - a +2 robe of resistance
Jewellery
 u - an uncursed amulet of regeneration
 w - a ring of poison resistance (left hand)
 D - a ring of see invisible (right hand)
 E - a cursed amulet of inaccuracy (around neck)
Magical devices
 y - a wand of hasting (6)
Scrolls
 c - 2 scrolls of fog
 h - 3 scrolls of identify
 j - 4 scrolls of recharging
 m - a scroll of enchant armour
 s - a scroll of teleportation
Potions
 i - a potion of agility {unknown}
 k - 4 potions of curing {unknown}
 l - a potion of degeneration {unknown}
 o - 3 potions of heal wounds {unknown}
 p - a potion of resistance {unknown}
 q - 2 potions of restore abilities {unknown}
 r - a potion of flight {unknown}
 t - a potion of might {unknown}
 v - a potion of haste
 z - 2 potions of poison {unknown}
 A - a potion of brilliance {unknown}
Comestibles
 g - 2 meat rations
 B - a beef jerky


   Skills:
 + Level 3.2 Fighting
 - Level 9.0 Short Blades
 - Level 2.6 Throwing
 + Level 2.9 Dodging
 - Level 5.3 Stealth


You had 6 spell levels left.
You didn't know any spells.

Dungeon Overview and Level Annotations

Branches:
Dungeon (5/15)
 Temple: D:4-7

Altars:
Vehumet
Zin

Annotations:
D:3 Grinder
D:4 stickyfingers' ghost, average OpAM
D:5 Dowan


Innate Abilities, Weirdness & Mutations

You are small and have problems with some larger weapons.
You are carnivorous and can eat meat at any time.


Message History

Dowan blinks!
Items here: ( ) / † a short sword; a wand of frost {zapped: 19}; 2 poisoned needles the elf corpse of Duvessa You barely miss Dowan.
Dowan is moderately wounded.
Dowan mumbles some strange words.
Dowan blinks!
Dowan hits you but does no damage.
You barely miss Dowan.
Dowan is moderately wounded.
Dowan closely misses you.
You miss Dowan.
Dowan is moderately wounded.
Dowan gestures wildly while chanting.
Dowan blinks!
Dowan points at you and mumbles some strange words.
The shard of ice hits you!
Ouch! That really hurt!
You die...

#.......................##...#
#....#..................####...
#....#....(............## ##..
#.....#..((.(.........### ##.
#....###......(........# #.
..## #...............# #. #
#..............## #.
#.......>.§.(### #.
#......§.@((## ##.
#...........# ##..
#.........(## ##...
#.......e.## #.... ....(...##
#.... ......## ##... ...###
##.. .# ##. #.


You could see Dowan.

Vanquished Creatures
  An ice beast (D:5)
  Sigmund (D:4)
  Duvessa (D:5)
  A jelly (D:5)
  An orc priest (D:2)
  An iguana (D:5)
  2 worker ants
  Ijyb (D:4)
  6 adders
  A worm (D:2)
  An adder skeleton (D:4)
  3 giant geckos
  7 orcs
  A bat skeleton (D:4)
  7 hobgoblins
  5 jackals
  5 kobolds
  A quokka (D:3)
  A ball python (D:2)
  6 bats
  A giant cockroach (D:3)
  5 giant newts
  9 goblins
  5 rats
73 creatures vanquished.

Notes
Turn   | Place    | Note
--------------------------------------------------------------
     0 | D:1      | wojtek, the Kobold Assassin, began the quest for the Orb.
     0 | D:1      | Reached XP level 1. HP: 12/12 MP: 1/1
     3 | D:1      | Noticed a centaur skeleton
     6 | D:1      | Noticed an elf skeleton
     7 | D:1      | Noticed a minotaur skeleton
     8 | D:1      | Noticed a vine stalker skeleton
    14 | D:1      | Noticed a spriggan skeleton
    18 | D:1      | Noticed a troll skeleton
    18 | D:1      | Noticed a draconian skeleton
   211 | D:1      | Reached XP level 2. HP: 8/17 MP: 2/2
   594 | D:2      | Reached XP level 3. HP: 8/21 MP: 3/3
  1300 | D:2      | Reached skill level 5 in Short Blades
  1397 | D:2      | Reached XP level 4. HP: 7/26 MP: 4/4
  1942 | D:2      | Reached skill level 6 in Short Blades
  2030 | D:2      | Reached XP level 5. HP: 30/30 MP: 5/5
  2058 | D:2      | Found a glowing silver altar of Zin.
  2142 | D:3      | Found a radiant altar of Vehumet.
  2249 | D:3      | Noticed Grinder
  2254 | D:3      | Paralysed by Grinder for 4 turns
  2491 | D:4      | Reached skill level 7 in Short Blades
  2676 | D:4      | Noticed Ijyb
  2696 | D:4      | Killed Ijyb
  2744 | D:4      | Noticed stickyfingers' ghost (average OpAM)
  2993 | D:4      | Noticed Sigmund
  2997 | D:4      | Killed Sigmund
  2997 | D:4      | Reached skill level 8 in Short Blades
  2997 | D:4      | Reached XP level 6. HP: 35/35 MP: 6/6
  3225 | D:5      | Entered Level 5 of the Dungeon
  3267 | D:5      | Noticed an ice beast
  3298 | D:5      | Killed an ice beast
  3298 | D:5      | Reached skill level 9 in Short Blades
  3354 | D:5      | Reached XP level 7. HP: 38/40 MP: 7/7
  3620 | D:5      | Noticed Dowan
  3629 | D:5      | Noticed Duvessa
  4069 | D:5      | Killed Duvessa
  4081 | D:5      | Killed from afar by Dowan

Action                   |  1- 3 |  4- 6 |  7- 9 || total
-------------------------+-------+-------+-------++-------
Melee: Dagger            |    75 |   244 |    64 ||   383
 Fire: Blowgun           |     6 |     4 |    17 ||    27
  Use: Scroll            |       |     7 |       ||     7
 Stab: Sleeping          |     2 |    11 |       ||    13
  Eat: Chunk             |     9 |     8 |     1 ||    18
